 Dungeon Crawl Stone Soup version 0.23.2-33-g5129a83184 (webtiles) character file.

Game seed: 15901727412541656758

210 Cykl0x the Shield-Bearer (level 6, -10/48 HPs)
             Began as a Formicid Fighter on Aug 8, 2019.
             Mangled by an ogre
             ... wielding a +0 giant club
              (19 damage)
             ... on level 4 of the Dungeon.
             The game lasted 00:07:20 (2251 turns).

Cykl0x the Shield-Bearer (Formicid Fighter)         Turns: 2251, Time: 00:07:21

Health: -10/48     AC:  7    Str: 28    XL:     6   Next: 12%
Magic:  6/6        EV:  8    Int:  7    God:
Gold:   127        SH: 10    Dex: 10    Spells: 5/5 levels left

rFire    . . .     SeeInvis +   a - +1 long sword
rCold    . . .     Gourm    .   c - +0 shield
rNeg     . . .     Faith    .   b - +0 scale mail
rPois    .         Spirit   .   (helmet unavailable)
rElec    .         Reflect  .   (no cloak)
rCorr    .         Harm     .   (no gloves)
MR       .....                  (no boots)
Stlth    ..........             (no amulet)
HPRegen  0.16/turn              (no ring)
MPRegen  0.10/turn              (no ring)

@: mighty
A: permanent stasis, dig shafts and tunnels, four strong arms, antennae 3
a: Dig, Shaft Self


You were on level 4 of the Dungeon.
You were not hungry.

You visited 1 branch of the dungeon, and saw 4 of its levels.

You collected 127 gold pieces.

Inventory:

Hand Weapons
 a - a +1 long sword (weapon)
Missiles
 e - 117 stones (quivered)
Armour
 b - a +0 scale mail (worn)
 c - a +0 shield (worn)
Scrolls
 j - a scroll of remove curse
Potions
 d - a potion of might
 h - a potion of lignification
 i - a potion of curing
 l - a potion of heal wounds
 m - 2 potions of flight
Comestibles
 f - 3 rations
 g - 2 chunks of flesh


   Skills:
 + Level 4.2 Fighting
 + Level 4.1 Long Blades
 + Level 4.1 Armour
 + Level 0.7 Dodging
 + Level 4.4 Shields


You had 5 spell levels left.
You didn't know any spells.
Your spell library was empty.

Dungeon Overview and Level Annotations

Branches:
Dungeon (4/15)
 Temple: D:4-7

Altars:
Gozag
Hepliaklqana
Okawaru
Ru
Trog


Innate Abilities, Weirdness & Mutations

You cannot be hasted, slowed, berserked, paralysed or teleported.
You can dig through walls and to a lower floor.
Your four strong arms can wield two-handed weapons with a shield.
You have a pair of large antennae on your head. (SInv)


Message History

Your experience leads to an increase in your attributes!
Your base attributes are Str 22, Int 7, Dex 10.
Increase (S)trength, (I)ntelligence, or (D)exterity?
You feel stronger.
The howler monkey hoots and howls with incredible vigour!
You hear an angry hiss.
You slash the quokka skeleton!
You destroy the quokka skeleton!
You closely miss the ogre. The ogre hits you with a +0 giant club!
* * * LOW HITPOINT WARNING * * *
You closely miss the ogre.
An iguana comes into view.
You block the ogre's attack.
You slash the ogre!
The ogre is moderately wounded.
You block the ogre's attack.
You slice the ogre!!
The ogre is almost dead.
The ogre hits you with a +0 giant club!!
You die...

#{# .... . #.# #.$#
.### #.# #..# ... #.#
#..#..# #<# #..#.)###.
..#####.#####.........
.......#....lh......##
..#####.#####O##..#.#
######.### #@# ..# #
..........# #.# ..#.##
#.....###.###.##.....#
.####. #......รท...# #
#.########...# ...# ##
#.... #####


You could see an ogre, a howler monkey and an iguana.

Vanquished Creatures
  A centaur skeleton (D:4)
  A gnoll (D:1)
  5 adders
  An ooze (D:3)
  4 worms (D:2)
  6 dart slugs
  A leopard gecko (D:2)
  2 orcs
  A ball python (D:1)
  11 bats
  9 giant cockroaches
  12 goblins
  8 hobgoblins
  4 jackals (D:4)
  14 kobolds
  2 quokkas (D:3)
  5 frilled lizards
  A quokka skeleton (D:4)
  5 rats
93 creatures vanquished.

Notes
Turn   | Place    | Note
-------+----------+-------------------------------------------
     0 | D:1      | Cykl0x the Formicid Fighter began the quest for the Orb.
     0 | D:1      | Reached XP level 1. HP: 18/18 MP: 1/1
   127 | D:1      | Reached XP level 2. HP: 24/24 MP: 2/2
   255 | D:1      | Reached XP level 3. HP: 29/29 MP: 3/3
   524 | D:1      | Reached XP level 4. HP: 35/35 MP: 4/4
  1091 | D:2      | Reached XP level 5. HP: 31/41 MP: 5/5
  1140 | D:2      | Found a hazy altar of Hepliaklqana.
  1146 | D:2      | Found an iron altar of Okawaru.
  1741 | D:3      | Found a bloodstained altar of Trog.
  2000 | D:3      | Found an opulent altar of Gozag.
  2000 | D:3      | Found a sacrificial altar of Ru.
  2231 | D:4      | Noticed an ogre
  2246 | D:4      | Reached XP level 6. HP: 16/48 MP: 6/6
  2251 | D:4      | Mangled by an ogre

Skill      XL: |  1  2  3  4  5 |
---------------+----------------+-----
Shields        | 4 |  4.4
Long Blades    | 3 4 |  4.1
Armour         | 4 |  4.1
Fighting       | 4 |  4.2
Dodging        | |  0.7

Action                   |  1- 3 |  4- 6 || total
-------------------------+-------+-------++-------
Melee: Long sword        |    73 |   259 ||   332
Throw: Stone             |       |     1 ||     1
 Abil: Dig               |       |     2 ||     2
  Use: Scroll            |     2 |     7 ||     9
       Potion            |       |     2 ||     2
  Eat: Chunk             |       |     5 ||     5
Armor: Scale mail        |    33 |   145 ||   178
Dodge: Dodged            |    29 |   121 ||   150
Block: Shield            |    39 |   150 ||   189
       Rpst.: Long sword |    10 |    41 ||    51
